cohdb
Replays
Latest Replays
All Replays
Popular Replays
Top Player Replays
Match Explorer
How It Works
Community
CoH3 Stats
Reddit
Sign in to upload your games and track your stats! →
Sign in with Steam
Match 45410090
Unlisted
Match 45410090
Overview
Messages
Build Orders
End
Kradschützen Motorcycle Team
Panzergrenadier Squad
Selects Italian Infantry
250 Light Carrier
Panzergrenadier Squad
Construct Light Support Kompanie
Selects Sound the Alarm
Sound the Alarm
2.5-tonne Medical Truck
Fire Support Elements
Pak 38 Mechanized Group
Selects Territory Booby Traps
Flakvierling Half-track
Sound the Alarm
Construct Mechanized Kompanie
254 Reconnaissance Tractor
Sound the Alarm
2.5-tonne Medical Truck
Selects Guastatori Squad
Selects L6/40 Light Tank Combat Group
Assault Mechanized Group
lisez hervé Couteau-Bégarie
UMirinBrah?
NEP_wilson_NEP
乱杀大王
0
0
Comments
sign in to comment!
No comments posted yet!